 Dungeon Crawl Stone Soup version 0.29-a0-251-g80730f7218 (webtiles) character file.

Game seed: 10669692172832123782

554 drugrobin the Chopper (level 6, -4/53 HPs)
             Began as a Demigod Fighter on Mar 6, 2022.
             Slain by Pikel
             ... wielding a +2 whip of flaming
              (9 damage)
             ... on level 3 of the Dungeon.
             The game lasted 00:10:18 (5442 turns).

drugrobin the Chopper (Demigod Fighter)             Turns: 5442, Time: 00:10:18

Health: -4/53      AC:  9    Str: 25    XL:     6   Next: 80%
Magic:  8/8        EV:  9    Int: 10    God:
Gold:   137        SH:  4    Dex: 13    Spells: 5/5 levels left

rFire   + . .      SeeInvis .   a - +0 war axe
rCold   . . .      Faith    .   c - +0 buckler
rNeg    . . .      Spirit   .   t - +0 scale mail
rPois   +          Reflect  .   (no helmet)
rElec   .          Harm     .   (no cloak)
rCorr   .          Rampage  .   (no gloves)
Will    .....                   n - +2 pair of boots
Stlth   ..........              (no amulet)
HPRegen 0.17/turn               r - ring of protection from fire
MPRegen 0.11/turn               y - ring of poison resistance

@: no status effects
A: high MP 1, forlorn, divine attributes
a: no special abilities


You were on level 3 of the Dungeon.
You visited 1 branch of the dungeon, and saw 4 of its levels.

You collected 277 gold pieces.
You spent 140 gold pieces at shops.

Inventory:

Hand Weapons
 a - a +0 war axe (weapon)
 b - a +0 hunting sling
Missiles
 e - 6 atropa-tipped darts
 g - 156 stones (quivered)
Armour
 c - a +0 buckler (worn)
 n - a +2 pair of boots (worn)
 t - a +0 scale mail (worn)
Jewellery
 r - a ring of protection from fire (left hand)
 y - a ring of poison resistance (right hand)
Wands
 x - a wand of mindburst (10)
Scrolls
 h - 5 scrolls of identify
 i - a scroll of torment {unknown}
 l - a scroll of noise {unknown}
 m - a scroll of vulnerability {unknown}
 o - a scroll of fear {unknown}
 q - a scroll of acquirement {unknown}
 s - a scroll of immolation {unknown}
 w - a scroll of teleportation {unknown}
 z - a scroll of blinking {unknown}
 A - a scroll of enchant weapon {unknown}
Potions
 d - 2 potions of might
 f - 9 potions of curing
 j - a potion of lignification {unknown}
 k - a potion of attraction {unknown}
 p - a potion of magic {unknown}
 u - 2 potions of heal wounds {unknown}
 v - a potion of degeneration {unknown}


   Skills:
 + Level 4.7 Fighting
 * Level 5.9 Axes
 - Level 2.6 Armour
 - Level 2.6 Shields


You had 5 spell levels left.
You didn't know any spells.
Your spell library contained the following spells:

 Spells                   Type           Power      Damage    Failure   Level
 Sandblast                Erth           0%         2d4       77%         1
 Shock                    Conj/Air       0%         1d3       77%         1
 Passwall                 Tmut/Erth      0%         N/A       88%         2
 Ozocubu's Armour         Ice            0%         N/A       98%         3
 Stone Arrow              Conj/Erth      0%         3d7       98%         3
 Swiftness                Air            0%         N/A       98%         3
 Airstrike                Air            0%         N/A       100%        4
 Animate Armour           Summ/Erth      0%         N/A       100%        4
 Blade Hands              Tmut           0%         N/A       100%        5
 Metabolic Englaciation   Hex/Ice        0%         N/A       100%        5
 Iron Shot                Conj/Erth      0%         9d1       100%        6
 Simulacrum               Ice/Necr       0%         N/A       100%        6


Dungeon Overview and Level Annotations

Branches:
Dungeon (4/15)
 Temple: D:4-7

Shops:
D:4 *

Annotations:
D:2 Sigmund
D:3 Pikel


Innate Abilities, Weirdness & Mutations

You have an increased reservoir of magic. (+10% MP)
You shall have no god before yourself.
Your divine heritage dramatically boosts your attributes as you level up.


Message History

Pikel is lightly wounded.
You block Pikel's attack.
Pikel hits you with a +2 whip of flaming.
You hit Pikel.
Pikel is lightly wounded.
Pikel hits you with a +2 whip of flaming.
Pikel burns you.
You barely miss Pikel.
Pikel is lightly wounded.
Pikel hits you with a +2 whip of flaming.
Pikel says, "Dispater doesn't talk much, but I know they dig me."
Aiming: Mindburst
Press: ? - help, Shift-Dir - straight line, f - Pikel
Aim: Pikel, wielding a +2 whip of flaming and wearing a +0 robe (lightly wounded, chance to affect: 64%) Pikel's mind is blasted!
You block Pikel's attack.
Unknown command.
Unknown command.
You hit Pikel but do no damage.
Pikel is heavily wounded.
You block Pikel's attack. x2
You hit Pikel.
Pikel is heavily wounded.
Pikel barely misses you.
You hit Pikel but do no damage.
Pikel is heavily wounded.
Pikel hits you with a +2 whip of flaming!
Pikel burns you.
You hit Pikel but do no damage.
Pikel is heavily wounded.
Pikel hits you with a +2 whip of flaming!
* * * LOW HITPOINT WARNING * * *
Pikel burns you.
* * * LOW HITPOINT WARNING * * *
Unknown command.
There is a large open door here.
There is a large open door here.
There is a large open door here.
There is a large open door here.
Pikel hits you with a +2 whip of flaming!
You die...

.#≈......≈#.#############
.#≈......≈#............>#
##≈......≈#.#.....#####.#
.#≈......≈#...........#.#
##≈≈≈≈≈≈≈≈#...........#.#
###########...........).#
#.......##............###
#.<).....+............#
#......#.#......@.....#
#......#.#####'##K#####
#......#....##'##'#########
#......#..#+#.............#
#.........................#
######...."...............#
#....................#
####..###'############ ###
##.###.#


You could see Pikel.

Vanquished Creatures
  Grinder (D:4)
  3 lemures (D:3)
  A jelly (D:4)
  Jessica (D:2)
  Natasha (thrice) (D:2 D:1)
  An iguana (D:3)
  2 orc wizards (D:3)
  8 adders
  3 worms
  3 dart slugs
  2 orcs
  10 endoplasms
  2 giant cockroaches
  9 goblins
  6 hobgoblins
  7 kobolds
  5 quokkas
  7 ball pythons
  10 bats
  2 frilled lizards
  7 rats
93 creatures vanquished.

Vanquished Creatures (others)
  4 demonic plants (D:2)
  3 fungi (D:2)
  6 plants
  4 withered plants (D:2)
17 creatures vanquished.

Grand Total: 110 creatures vanquished

Notes
Turn   | Place    | Note
-------+----------+-------------------------------------------
     0 | D:1      | drugrobin the Demigod Fighter began the quest for the Orb.
     0 | D:1      | Reached XP level 1. HP: 18/18 MP: 3/3
   161 | D:1      | Reached skill level 2 in Axes
   505 | D:1      | Reached XP level 2. HP: 25/25 MP: 4/4
  1139 | D:1      | Reached XP level 3. HP: 23/31 MP: 5/5
  1260 | D:1      | Reached skill level 3 in Axes
  1593 | D:2      | Noticed Sigmund
  1682 | D:2      | Noticed Jessica
  1687 | D:2      | Killed Jessica
  1907 | D:2      | Reached XP level 4. HP: 23/38 MP: 6/6
  2213 | D:2      | Noticed Natasha
  2222 | D:2      | Killed Natasha
  2230 | D:2      | Noticed Natasha
  2247 | D:1      | Killed Natasha
  2248 | D:1      | Reached skill level 4 in Axes
  3017 | D:1      | Noticed Natasha
  3027 | D:1      | Killed Natasha
  3197 | D:3      | Reached XP level 5. HP: 30/46 MP: 7/7
  4220 | D:4      | Found Foxeg Wox's Assorted Antiques.
  4225 | D:4      | Bought a diamond ring for 140 gold pieces
  4246 | D:4      | Noticed Pikel
  4591 | D:4      | Noticed Grinder
  4765 | D:3      | Reached skill level 5 in Axes
  4765 | D:3      | Reached XP level 6. HP: 33/52 MP: 8/8
  5138 | D:4      | Killed Grinder
  5442 | D:3      | Slain by Pikel

Illustrated notes

Levels and vault maps discovered:
D:1:      evilmike_arrival_fibonacci_small, layout_loops_ring,
          roderic_lattice_a, minmay_pentomino_s4
D:2:      layout_rooms, shapermc_ecumenical_altar_gd, basic_altar,
          minmay_tripent, uniq_jessica, uniq_natasha, uniq_sigmund
D:3:      layout_basic, st_stairs_7, dk_vineyard_1
D:4:      layout_gridville, okawaru_metal_pillars_1_2, trog_book,
          nicolae_gozag_seed_capital, serial_shops, nicolae_shop_behind_doors,
          saegor_snake_ambush, uniq_pikel, uniq_grinder

Skill      XL: |  1  2  3  4  5 |
---------------+----------------+-----
Axes           | 2 3 4 5 |  5.9
Fighting       | 3 4 |  4.7
Armour         | |  2.6
Shields        | |  2.6

Action                   |  1- 3 |  4- 6 || total
-------------------------+-------+-------++-------
Melee: War axe           |   104 |   181 ||   285
 Fire: Hunting sling     |       |     9 ||     9
Throw: Stone             |     8 |     2 ||    10
Evoke: Wand              |       |     6 ||     6
  Use: Scroll            |     1 |       ||     1
Armor: Scale mail        |    53 |    92 ||   145
Dodge: Dodged            |    36 |    82 ||   118
Block: Buckler           |    21 |    41 ||    62

Table legend: (Time is in decaauts)
 A = Elapsed time spent in this place.
 B = Non-inter-level travel time spent in this place.
 C = Inter-level travel time spent in this place.
 D = Time resting spent in this place.
 E = Time spent auto-exploring this place.
 F = Levels seen in this place.
 G = Mean time per level.
                   A        B        C        D        E       F      G
               +--------+--------+--------+--------+--------+-----+--------+
         Total |   5573 |   5112 |    461 |   1124 |   2691 |   4 | 1393.2 |
       Dungeon |   5573 |   5112 |    461 |   1124 |   2691 |   4 | 1393.2 |
               +--------+--------+--------+--------+--------+-----+--------+

Top non-repeatable levels by time:
     D:1: 2482 daAuts
     D:3: 1328 daAuts
     D:2: 883 daAuts
     D:4: 879 daAuts
